 Dungeon Crawl Stone Soup version 0.21.1-1-g345015f (webtiles) character file.

59631 aMcNicky the Severer (level 14, -27/135 HPs)
             Began as a Minotaur Berserker on Mar 4, 2018.
             Was a High Priest of Trog.
             Annihilated by an azure jelly (33 damage)
             ... on level 6 of the Lair of Beasts.
             The game lasted 01:50:06 (23554 turns).

aMcNicky the Severer (Minotaur Berserker)          Turns: 23554, Time: 01:50:07

Health: -27/135    AC: 23    Str: 27    XL:     14   Next: 53%
Magic:  13/13      EV:  9    Int:  5    God:    Trog [*****.]
Gold:   1249       SH:  4    Dex: 12    Spells: 13/13 levels left

rFire    + . .     SeeInvis .   R - +2 battleaxe (venom)
rCold    . . .     Gourm    .   (shield currently unavailable)
rNeg     . . .     Faith    .   Z - +2 plate armour {rPois}
rPois    +         Spirit   .   (helmet restricted)
rElec    .         Reflect  +   I - +2 cloak {MR+}
rCorr    .         Harm     .   B - +0 pair of gloves
MR       ++...                  (no boots)
Stlth    ..........             E - +4 amulet of reflection
HPRegen  0.32/turn              d - ring of protection from fire
MPRegen  0.13/turn              U - +3 ring of strength

@: about to teleport, berserk cooldown, slowed, very slow
A: retaliatory headbutt, horns 2
a: Berserk, Trog's Hand, Brothers in Arms, Burn Spellbooks, Renounce Religion


You were on level 6 of the Lair of Beasts.
You worshipped Trog.
Trog was extremely pleased with you.
You were very hungry.

You visited 3 branches of the dungeon, and saw 19 of its levels.

You collected 1999 gold pieces.
You spent 750 gold pieces at shops.

Inventory:

Hand Weapons
 R - a +2 battleaxe of venom (weapon)
 V - a +4 fustibalus of freezing
Armour
 B - a +0 pair of gloves (worn)
 H - a +1 plate armour of cold resistance
 I - a +2 cloak of magic resistance (worn)
 W - a +4 plate armour of magic resistance
 Z - a +2 plate armour of poison resistance (worn)
Jewellery
 d - a ring of protection from fire (left hand)
 h - an uncursed ring of see invisible
 v - an uncursed ring of resist corrosion
 E - a +4 amulet of reflection (around neck)
 U - a +3 ring of strength (right hand)
Wands
 o - a wand of paralysis (22)
 q - a wand of disintegration (11)
 t - a wand of polymorph (28)
 A - a wand of flame (26)
 F - a wand of enslavement (28)
 G - a wand of random effects (12)
 K - a wand of acid (15)
 Q - a wand of iceblast (18)
Scrolls
 a - a scroll of silence {unknown}
 e - a scroll of torment {unknown}
 f - 4 scrolls of teleportation
 g - 15 scrolls of remove curse {@r2}
 k - 2 scrolls of immolation {unknown}
 l - a scroll of magic mapping {unknown}
 m - 2 scrolls of enchant weapon {unknown}
 p - 4 scrolls of noise
 s - 3 scrolls of fear {unknown}
 z - 3 scrolls of enchant armour {unknown}
 D - a scroll of fog {unknown}
 O - a scroll of blinking {unknown}
 P - a scroll of summoning {unknown}
 T - a scroll of acquirement {unknown}
 X - a scroll of brand weapon {unknown}
Potions
 b - 5 potions of flight
 i - 2 potions of lignification {unknown}
 j - a potion of magic {unknown}
 n - 7 potions of curing {@q1}
 r - 3 potions of ambrosia {unknown}
 w - 4 potions of cancellation
 x - 2 potions of heal wounds
 C - 2 potions of brilliance {unknown}
 J - a potion of haste
 L - 2 potions of agility {unknown}
 M - a potion of mutation {unknown}
 N - a potion of might {unknown}
 S - 2 potions of resistance {unknown}
Books
 u - the Disquisition on Aerial Curses
   (You found it on level 4 of the Lair of Beasts)

   Spells                             Type                      Level
   a - Dazzling Spray                 Conjuration/Hexes            3
   b - Metabolic Englaciation         Hexes/Ice                    5
   c - Deflect Missiles               Charms/Air                   6
   Trog disapproves of the use of such an item.
Comestibles
 c - 14 rations
 Y - 17 chunks of flesh


   Skills:
 + Level 15.2 Fighting
 * Level 20.1 Axes
 + Level 13.3 Armour
 - Level 2.5 Dodging
   Level 7.7 Shields


You had 13 spell levels left.
You didn't know any spells.

Dungeon Overview and Level Annotations

Branches:
Dungeon (12/15)            Temple (0/1) D:4            Lair (6/6) D:10
  Swamp (0/4) Lair:2        Slime (0/5) Lair:6          Orc (2/2) D:12
    Elf (0/3) Orc:2
  Snake: Lair:2-4    Spider: Lair:2-4

Altars:
Ashenzari
Cheibriados
Dithmenos
Elyvilon
Fedhas
Gozag
Okawaru
Ru
Wu Jian
Yredelemnul
Beogh
Jiyva

Shops:
D:5 }   D:12 [(   Orc:2 ![*:

Annotations:
D:12 1 runed door


Innate Abilities, Weirdness & Mutations

You reflexively headbutt those who attack you in melee.
You have a pair of horns on your head.


Message History

The azure jelly hits you but does no damage. x2
The azure jelly hits you!
* * * LOW HITPOINT WARNING * * *
The azure jelly hits you but does no damage. x3
The azure jelly hits you!
* * * LOW HITPOINT WARNING * * *
The azure jelly barely misses you. The azure jelly hits your ogre.
The azure jelly freezes your ogre!! The azure jelly hits your ogre.
The azure jelly freezes your ogre!!
Your ogre dies!
Your ogre's corpse disappears in a puff of smoke!
An azure jelly comes into view.
As you read the scroll of teleportation, it crumbles to dust.
You feel strangely unstable.
The azure jelly quivers.
The azure jelly hits you but does no damage.
The azure jelly hits you.
* * * LOW HITPOINT WARNING * * *
The azure jelly freezes you!!
You die...

#.####......#####.# ####
..P..)............# #..##
.................## #...#
..................### ##.#.#
#.P................P# ##P.#####
...P....).....†.....# ##...P#.#.
....................## #.#..###.#
...P.................###....###..
†...............@J.........#.#...
#......................##...#....
.#...................####........
.##..#..........PPP#.# #.#......
...............PP.#### ##.#.....
.........J.....##.# ##.#....
.....<.##.#..###### ##.....
........##### #..... ....P.###
##....


You could see 2 azure jellies.

Vanquished Creatures
  Gastronok (D:8)
  The ghost of Mesmaeker13 the Fighter, a journeyman DgWn (Orc:2)
  The ghost of soepske the Fighter, a journeyman DsFi of Wu Jian (Lair:1)
  The ghost of Mesmaeker13 the Fighter, a journeyman DgWn (Lair:2)
  A death ooze (Lair:6)
  Snorg (Orc:1)
  A catoblepas (D:12)
  Fannar (Orc:1)
  A centaur warrior (D:12)
  3 hydras
  Erica (Orc:1)
  5 death yaks (Lair:5)
  4 orc high priests (Orc:2)
  A skeletal warrior (D:12)
  A wizard (D:12)
  2 unseen horrors
  5 orc knights
  A cyclops (D:12)
  3 ugly things
  3 manticores
  2 centaur zombies
  3 black mambas
  A gargoyle (D:12)
  Maurice (D:10)
  6 spiny frogs
  2 rime drakes
  3 komodo dragons
  The ghost of Serooblart the Skirmisher, an amateur MiBe of Trog (D:4)
  8 trolls
  A hornet (D:12)
  3 slime creatures (D:12)
  Grinder (D:4)
  11 blink frogs (Lair:5)
  11 hippogriffs
  A meliai zombie (D:11)
  A vampire (D:11)
  2 hogs (D:7)
  5 wyverns
  A basilisk (Lair:5)
  35 yaks
  A human (D:7)
  Grum (D:8)
  3 hungry ghosts
  3 wargs (Orc:2)
  Menkaure (D:4)
  An acid dragon (D:10)
  Edmund (D:4)
  7 water moccasins
  A hell hound (D:12)
  8 porcupines
  An ice beast (D:8)
  2 sky beasts
  33 orc warriors
  3 black bears
  2 eyes of draining
  4 phantoms
  16 ogres
  8 wolves
  8 crocodiles
  6 centaurs
  9 bullfrogs
  2 water moccasin zombies
  A wyvern skeleton (D:7)
  7 scorpions
  3 killer bees (D:8)
  A howler monkey (D:8)
  An electric eel (D:11)
  5 crimson imps
  3 bullfrog zombies
  27 orc priests
  2 bullfrog skeletons
  6 hounds
  5 jellies
  14 orc wizards
  2 centaur skeletons
  9 hell rats
  6 iguanas
  Ijyb (D:4)
  Natasha (thrice) (D:2)
  6 worker ants
  A killer bee zombie (D:9)
  A howler monkey zombie (D:8)
  A howler monkey skeleton (D:5)
  A worker ant zombie (D:8)
  12 adders
  6 gnolls
  7 shadow imps
  5 oozes
  4 worms
  4 leopard geckos
  89 orcs
  8 bats
  3 giant cockroaches
  7 goblins
  6 hobgoblins
  4 jackals (D:5)
  7 quokkas
  A ball python (D:7)
  A ball python skeleton (D:5)
  3 frilled lizards (D:3)
  A jackal zombie (D:7)
  5 kobolds
  A leopard gecko skeleton (D:8)
  A quokka zombie (D:9)
  2 rats
  A butterfly (Lair:4)
  4 fungi
  2 plants (Lair:4)
548 creatures vanquished.

Vanquished Creatures (collateral kills)
  An orc warlord (Orc:1)
  Azrael (D:12)
  2 hydras
  Urug (D:10)
  An orc high priest (Orc:2)
  2 orc knights (Orc:2)
  2 ugly things (D:12)
  2 fire elementals (D:12)
  A basilisk (Lair:6)
  A water moccasin (Lair:1)
  A hell hound (D:12)
  A porcupine (Lair:4)
  4 orc warriors (Orc:2)
  An ice beast (D:10)
  A crocodile (Lair:4)
22 creatures vanquished.

Vanquished Creatures (others)
  An orc (Orc:1)
  8 fungi
  20 plants
29 creatures vanquished.

Grand Total: 599 creatures vanquished

Notes
Turn   | Place    | Note
-------+----------+-------------------------------------------
     0 | D:1      | aMcNicky the Minotaur Berserker began the quest for the Orb.
     0 | D:1      | Reached XP level 1. HP: 19/19 MP: 0/0
   446 | D:1      | Reached XP level 2. HP: 27/27 MP: 1/1
   985 | D:2      | Reached skill level 4 in Axes
  1094 | D:2      | Noticed Natasha
  1099 | D:2      | Killed Natasha
  1099 | D:2      | Reached XP level 3. HP: 33/33 MP: 2/2
  1187 | D:2      | Reached skill level 1 in Shields
  1464 | D:2      | Reached ** piety under Trog
  1520 | D:2      | Noticed Natasha
  1527 | D:2      | Killed Natasha
  1527 | D:2      | Reached XP level 4. HP: 26/41 MP: 3/3
  1551 | D:2      | Noticed Natasha
  1562 | D:2      | Killed Natasha
  1562 | D:2      | Reached skill level 5 in Axes
  1767 | D:3      | Found a shattered altar of Ashenzari.
  1845 | D:3      | Reached XP level 5. HP: 47/47 MP: 4/4
  2321 | D:3      | Found a snail-covered altar of Cheibriados.
  2549 | D:4      | Noticed an ogre
  2551 | D:4      | Killed an ogre
  2551 | D:4      | Reached skill level 5 in Fighting
  2551 | D:4      | Reached skill level 6 in Axes
  2551 | D:4      | Reached XP level 6. HP: 56/56 MP: 5/5
  2634 | D:4      | Noticed Grinder
  2634 | D:4      | Noticed Serooblart's ghost (amateur MiBe)
  2645 | D:4      | Killed Serooblart's ghost
  2645 | D:4      | Reached skill level 7 in Axes
  2645 | D:4      | Reached XP level 7. HP: 62/62 MP: 6/6
  2647 | D:4      | Paralysed by something for 3 turns
  2692 | D:4      | Killed Grinder
  2889 | D:4      | Found a staircase to the Ecumenical Temple.
  3029 | D:4      | Noticed Ijyb
  3029 | D:4      | Noticed Edmund
  3035 | D:4      | Killed Ijyb
  3039 | D:4      | Killed Edmund
  3039 | D:4      | Reached skill level 8 in Axes
  3087 | D:4      | Noticed Menkaure
  3099 | D:4      | Killed Menkaure
  3099 | D:4      | Reached *** piety under Trog
  3099 | D:4      | Reached skill level 5 in Shields
  3360 | D:4      | Reached XP level 8. HP: 57/71 MP: 7/7
  3487 | D:5      | Entered Level 5 of the Dungeon
  3515 | D:5      | Reached skill level 9 in Axes
  3534 | D:5      | Reached skill level 10 in Axes
  3952 | D:5      | Reached XP level 9. HP: 75/81 MP: 8/8
  4101 | D:5      | Found a blossoming altar of Fedhas.
  4101 | D:5      | Found a shadowy altar of Dithmenos.
  4106 | D:5      | Found a white marble altar of Elyvilon.
  4108 | D:5      | Found an opulent altar of Gozag.
  4110 | D:5      | Found a faded altar of an unknown god.
  4622 | D:5      | Found Gaesed's Gadget Shoppe.
  4814 | D:5      | Reached skill level 11 in Axes
  5163 | D:6      | Found a basalt altar of Yredelemnul.
  5220 | D:6      | Received a gift from Trog
  5989 | D:7      | Found a blossoming altar of Fedhas.
  6211 | D:7      | Noticed an unseen horror
  6214 | D:7      | Killed an unseen horror
  6214 | D:7      | Reached skill level 12 in Axes
  6362 | D:7      | Reached XP level 10. HP: 80/91 MP: 9/9
  6775 | D:8      | Noticed Gastronok
  6900 | D:8      | Reached skill level 5 in Armour
  6916 | D:8      | Killed Gastronok
  6916 | D:8      | Reached skill level 10 in Fighting
  6916 | D:8      | Reached skill level 13 in Axes
  6928 | D:8      | Reached **** piety under Trog
  7473 | D:8      | Found a roughly hewn altar of Beogh.
  7572 | D:8      | Noticed Grum
  7587 | D:8      | Killed Grum
  7587 | D:8      | Reached skill level 14 in Axes
  7796 | D:8      | Found an ornate altar of the Wu Jian Council.
  7812 | D:8      | Found an iron altar of Okawaru.
  8052 | D:8      | Reached XP level 11. HP: 88/101 MP: 10/10
  8952 | D:9      | Reached ***** piety under Trog
  9238 | D:10     | Entered Level 10 of the Dungeon
  9730 | D:10     | Found a sacrificial altar of Ru.
  9836 | D:10     | Noticed Urug
  9846 | D:10     | Killed Urug
 10216 | D:10     | Noticed Maurice
 10218 | D:10     | Found a staircase to the Lair.
 10233 | D:10     | Killed Maurice
 10843 | D:10     | Reached skill level 15 in Axes
 11013 | D:11     | Noticed a purple ugly thing
 11018 | D:11     | Killed a purple ugly thing
 11312 | D:11     | Noticed an unseen horror
 11317 | D:11     | Killed an unseen horror
 11641 | Lair:1   | Entered Level 1 of the Lair of Beasts
 11646 | Lair:1   | Noticed a seven-headed hydra
 11656 | Lair:1   | Killed an eight-headed hydra
 11961 | Lair:1   | Noticed soepske's ghost (journeyman DsFi)
 11964 | Lair:1   | Reached XP level 12. HP: 112/112 MP: 11/11
 11985 | Lair:1   | Killed soepske's ghost
 11985 | Lair:1   | Reached skill level 16 in Axes
 12181 | Lair:1   | Got an ancient pewter ring
 12182 | Lair:1   | Identified the cursed ring of Niutatar {Str-2 Int+4 Dex+9} (You found it on level 1 of the Lair of Beasts)
 13143 | D:12     | Found Geiruvug's Weapon Boutique.
 13145 | D:12     | Found a staircase to the Orcish Mines.
 13156 | D:12     | Received a gift from Trog
 13202 | D:12     | Found Yfrooh's Armour Boutique.
 13230 | D:12     | Bought a +4 plate armour of magic resistance for 750 gold pieces
 13370 | D:12     | Reached skill level 10 in Armour
 13439 | D:12     | Found a runed door.
 13533 | D:12     | Reached skill level 17 in Axes
 13568 | D:12     | Noticed a centaur warrior
 13573 | D:12     | Noticed a catoblepas
 13584 | D:12     | Killed a centaur warrior
 13594 | D:12     | Killed a catoblepas
 14018 | D:12     | Noticed Azrael
 14273 | D:12     | Killed Azrael
 14827 | Orc:1    | Entered Level 1 of the Orcish Mines
 14831 | Orc:1    | Noticed Erica
 14927 | Orc:1    | Killed Erica
 14946 | Orc:1    | Noticed Fannar
 14965 | Orc:1    | Killed Fannar
 14965 | Orc:1    | Reached XP level 13. HP: 109/122 MP: 12/12
 15175 | Orc:1    | Noticed Snorg
 15201 | Orc:1    | Killed Snorg
 15608 | Orc:2    | Entered Level 2 of the Orcish Mines
 15847 | Orc:2    | Found a staircase to the Elven Halls.
 15980 | Orc:2    | Reached skill level 18 in Axes
 16001 | Orc:2    | Noticed an orc warlord
 16765 | Orc:1    | Killed an orc warlord
 17399 | Orc:2    | Noticed Mesmaeker13's ghost (journeyman DgWn)
 17418 | Orc:2    | Killed Mesmaeker13's ghost
 18507 | Orc:2    | Found Ibbucady's Book Shop.
 18507 | Orc:2    | Found Nebefouz's Distillery.
 18508 | Orc:2    | Found Laduyng's Armour Boutique.
 18508 | Orc:2    | Found Sarholen's Assorted Antiques.
 19196 | Orc:2    | Reached skill level 19 in Axes
 19910 | Lair:2   | Received a gift from Trog
 20211 | Lair:2   | Noticed Mesmaeker13's ghost (journeyman DgWn)
 20227 | Lair:2   | Found a staircase to the Swamp.
 20261 | Lair:2   | Killed Mesmaeker13's ghost
 21201 | Lair:2   | You fall through a shaft for 2 floors!
 21296 | Lair:4   | Identified the Disquisition on Aerial Curses
 21312 | Lair:4   | Reached XP level 14. HP: 128/133 MP: 13/13
 22810 | Lair:5   | Reached skill level 15 in Fighting
 23087 | Lair:6   | Entered Level 6 of the Lair of Beasts
 23203 | Lair:6   | Reached skill level 20 in Axes
 23272 | Lair:6   | Found a runed door.
 23272 | Lair:6   | Found a viscous altar of Jiyva.
 23300 | Lair:6   | Found a staircase to the Slime Pits.
 23311 | Lair:6   | Received a gift from Trog
 23536 | Lair:6   | Noticed an azure jelly
 23554 | Lair:6   | Noticed an azure jelly
 23554 | Lair:6   | HP: 6/135 [azure jelly (6)]
 23554 | Lair:6   | Annihilated by an azure jelly

Skill      XL: |  1  2  3  4  5  6  7  8  9 10 11 12 13 14 |
---------------+-------------------------------------------+-----
Axes           | 4 5 6 7 8 10 12 14 15 17 19 20 | 20.1
Fighting       | 4 5 6 7 9 10 12 13 14 15 | 15.2
Shields        | 1 2 3 5 6 7 |  7.7
Armour         | 4 6 9 11 12 13 | 13.3
Dodging        | |  2.5

Action                   |  1- 3 |  4- 6 |  7- 9 | 10-12 | 13-15 || total
-------------------------+-------+-------+-------+-------+-------++-------
Melee: Hand axe          |    86 |    43 |       |    14 |       ||   143
       Headbutt          |    10 |    15 |    44 |   168 |   176 ||   413
       War axe           |       |    24 |   210 |   659 |   466 ||  1359
       Battleaxe         |       |       |       |       |   245 ||   245
Invok: Berserk           |     1 |     3 |     7 |    15 |    13 ||    39
       Trog's Hand       |       |       |     2 |       |       ||     2
       Burn Spellbooks   |       |       |       |     1 |       ||     1
       Brothers in Arms  |       |       |       |     4 |     7 ||    11
Evoke: Wand              |       |       |       |     2 |     2 ||     4
  Use: Scroll            |       |     2 |     4 |     9 |     9 ||    24
       Potion            |       |       |       |     1 |     1 ||     2
 Stab: Petrified         |       |       |       |     9 |       ||     9
       Paralysed         |       |       |       |     1 |       ||     1
       Distracted        |       |       |       |       |     3 ||     3
  Eat: Chunk             |     3 |     5 |     7 |    21 |    11 ||    47
       Ration            |       |       |     6 |     7 |     9 ||    22
Armor: Plate armour      |    55 |    34 |    94 |   274 |   309 ||   766
       Animal skin       |     1 |       |       |       |       ||     1
Dodge: Dodged            |    28 |    12 |    54 |   138 |   193 ||   425
Block: Buckler           |     3 |     9 |    53 |   181 |   120 ||   366
       Reflection        |       |       |     5 |    12 |    10 ||    27
       Other             |       |       |       |       |    40 ||    40
